 Dungeon Crawl Stone Soup version 0.24.0-123-gd5b16e6ec5 (webtiles) character file.

Game seed: 9250758292229275030, levelgen mode: deterministic

54 Chiseanne the Skirmisher (level 3, -2/30 HPs)
             Began as a Mummy Chaos Knight on Jan 15, 2020.
             Was a Plaything of Xom.
             Killed from afar by Ijyb (9 damage)
             ... with a burst of metal fragments
             ... on level 3 of the Dungeon.
             The game lasted 00:05:34 (969 turns).

Chiseanne the Skirmisher (Mummy Chaos Knight)        Turns: 969, Time: 00:05:35

Health: -2/30      AC:  8    Str: 15    XL:     3   Next: 66%
Magic:  3/3        EV: 11    Int: 11    God:    Xom [..*...]
Gold:   25         SH:  0    Dex: 12    Spells: 2/2 levels left

rFire    x . .     SeeInvis .   a - +0 falchion (chaos)
rCold    + . .     Gourm    .   (no shield)
rNeg     + + +     Faith    .   j - +3 leather armour
rPois    ∞         Spirit   .   (no helmet)
rElec    .         Reflect  .   (no cloak)
rCorr    .         Harm     .   d - +1 pair of gloves
MR       +....                  (no boots)
Stlth    +.........             (no amulet)
HPRegen  0.10/turn              e - ring of protection from magic
MPRegen  0.08/turn              (no ring)

@: no status effects
A: no food or potions, fire vulnerability, cold resistance 1, negative energy
resistance 3, torment resistance, unbreathing
a: Renounce Religion


You were on level 3 of the Dungeon.
You worshipped Xom.
You were a toy of Xom.
You were not hungry.

You visited 1 branch of the dungeon, and saw 3 of its levels.

You collected 25 gold pieces.

Inventory:

Hand Weapons
 a - a +0 falchion of chaos (weapon)
Missiles
 c - 72 stones (quivered)
 g - 18 sling bullets
 h - 10 bolts
 i - 37 arrows
Armour
 d - a +1 pair of gloves (worn)
 j - a +3 leather armour (worn)
Jewellery
 b - a cursed -2 ring of dexterity {unknown}
 e - a ring of protection from magic (left hand)
 f - an uncursed ring of resist corrosion {unknown}
 k - a cursed -2 ring of intelligence {unknown}


   Skills:
 * Level 3.9 Fighting
 - Level 2.4 Long Blades
 * Level 2.1 Armour
 * Level 1.5 Dodging


You had 2 spell levels left.
You didn't know any spells.
Your spell library was empty.

Dungeon Overview and Level Annotations

Branches:
Dungeon (3/15)

Altars:
Dithmenos

Annotations:
D:3 Ijyb


Innate Abilities, Weirdness & Mutations

You do not eat or drink.
Your flesh is vulnerable to fire.
You are immune to poison.
Your flesh is cold resistant. (rC+)
You are immune to negative energy. (rN+++)
You are immune to unholy pain and torment.
You can survive without breathing.


Message History

The burst of metal fragments hits you but does no damage.
The burst of metal fragments misses you. x2
The burst of metal fragments hits you but does no damage. x2
You hit Ijyb.
Ijyb is poisoned.
Ijyb is heavily wounded.
Ijyb hits you but does no damage.
You barely miss Ijyb.
Ijyb is heavily wounded.
Ijyb hits you but does no damage.
You hit Ijyb but do no damage.
Ijyb is severely wounded.
Ijyb hits you but does no damage.
You closely miss Ijyb.
Ijyb is severely wounded.
Ijyb hits you with a +0 club.
* * * LOW HITPOINT WARNING * * *
You hit Ijyb but do no damage.
Ijyb is severely wounded.
Ijyb zaps a wand.
The burst of metal fragments hits you!
You die...

#.........# ######.#
###...##.##.#
#..%...# .......
#.##.# #.######
#####..##.##.# #.#
#.....##.# #.#
##.#..##.######.#
#.#..##........#
#.#.g########### ,
#.#..@.# ,,
..#....#.##
#.#....(..# *
*##.##...#..# ,
...##.##..#
,***#..##.##..# ,
#..##.##..# #.#
#.####..##.##..# #.#
........†..##..######
#.#


You could see Ijyb.

Vanquished Creatures
  2 adders (D:2)
  2 worms
  2 dart slugs
  2 orcs (D:3)
  A giant cockroach (D:1)
  A goblin (D:3)
  3 hobgoblins
  A ball python (D:2)
  A bat (D:2)
  2 frilled lizards
  5 kobolds
  5 rats
27 creatures vanquished.

Notes
Turn   | Place    | Note
-------+----------+-------------------------------------------
     0 | D:1      | Chiseanne the Mummy Chaos Knight began the quest for the
                  | Orb.
     0 | D:1      | Reached XP level 1. HP: 18/18 MP: 1/1
   186 | D:1      | Reached XP level 2. HP: 24/24 MP: 2/2
   300 | D:2      | Reached skill level 1 in Dodging
   618 | D:3      | Reached XP level 3. HP: 30/30 MP: 3/3
   664 | D:3      | XOM: harmless Necr miscast
   792 | D:3      | XOM: divination: magic mapping
   801 | D:3      | XOM: harmless Necr miscast
   830 | D:3      | Found a shadowy altar of Dithmenos.
   956 | D:3      | Noticed Ijyb
   969 | D:3      | Killed from afar by Ijyb

Levels and vault maps discovered:
D:1:      dpeg_arrival_line_fractal, layout_loops_corners
D:2:      layout_basic, tgw_kikubaaqudgha
D:3:      layout_loops_ring, lemuel_crystal_altar, uniq_grinder, uniq_ijyb

Skill      XL: |  1  2  3 |
---------------+----------+-----
Dodging        | 1 |  1.5
Armour         | 2 |  2.1
Fighting       | |  3.9
Long Blades    | |  2.4

Action                   || total
-------------------------++-------
Melee: Falchion          ||    95
  Use: Scroll            ||     2
 Stab: Paralysed         ||     2
Armor: Leather armour    ||    25
       Scale mail        ||    24
Dodge: Dodged            ||    46
       Rpst.: Falchion   ||    12
